 Dungeon Crawl Stone Soup version 0.29.1-15-g9cfb28693d (webtiles) character file.

Game seed: 11218668189331853514

69195 croobank the Covert (level 14, -7/95 HPs)
             Began as a Demonspawn Fire Elementalist on Apr 10, 2023.
             Was a High Priest of Hepliaklqana.
             Mangled by an orc knight
             ... wielding a +0 battleaxe
              (12 damage)
             ... on level 2 of the Orcish Mines on Apr 11, 2023.
             The game lasted 01:51:42 (29924 turns).

croobank the Covert (Demonspawn Fire Elementalist) Turns: 29924, Time: 01:51:43

Health: -7/95      AC: 14    Str: 13    XL:     14   Next: 89%
Magic:  0/26       EV: 15    Int: 24    God:    Hepliaklqana [*****.]
Gold:   1270       SH:  0    Dex: 13    Spells: 17/29 levels left

rFire   + + .      SeeInvis .   a - +10 hand axe of the Head {speed, rC++ Int+2}
rCold   + + +      Faith    .   (no shield)
rNeg    . . .      Spirit   +   E - +1 troll leather armour
rPois   .          Reflect  .   (helmet restricted)
rElec   .          Harm     .   y - scarf {rC+ rF+}
rCorr   +          Rampage  .   T - +1 pair of gloves
Will    ++...                   S - +3 pair of boots "Jivaq" {rCorr}
Stlth   ++++......              x - amulet of magic regeneration
HPRegen 1.05/turn               m - ring "Onane" {rC+ Will+ Str+4}
MPRegen 0.80/turn               t - ring of protection from fire

@: no status effects
A: reduced essence, antennae 1, molten scales 2, foul stench 1, magic shield,
magic regeneration, magic link
a: Renounce Religion, Recall Ancestor, Ancestor Identity, Transference, Idealise


You were on level 2 of the Orcish Mines.
You worshipped Hepliaklqana.
Hepliaklqana was extremely pleased with you.
You visited 4 branches of the dungeon, and saw 22 of its levels.
You also visited: Ossuary and Gauntlet.

You collected 1596 gold pieces.
You spent 326 gold pieces at shops.

Inventory:

Hand Weapons
 a - the +10 hand axe of the Head (weapon) {speed, rC++ Int+2}
   (You found it on level 5 of the Dungeon)

   Attacks with this weapon are significantly faster.
   Int:       It affects your intelligence (+2).
   rC:        It greatly protects you from cold.
 b - a +6 vorpal arbalest
 D - a +3 dagger of speed
 F - a +2 scimitar of flaming
 M - a +0 broad axe of chaos
 Z - the +7 short sword of Kaza {drain, rPois rF+ Str-5}
   (You found it on level 13 of the Dungeon)

   A truly terrible weapon, it drains the life of any living foe it strikes.
   Str:       It affects your strength (-5).
   rF:        It protects you from fire.
   rPois:     It protects you from poison.
Missiles
 d - 2 curare-tipped darts (quivered)
 A - 4 throwing nets
 Q - 11 javelins
 U - 3 silver javelins
Armour
 p - a +4 chain mail of cold resistance
 y - a scarf of resistance (worn)
 E - a +1 troll leather armour (worn)
 S - the +3 pair of boots "Jivaq" (worn) {rCorr}
   (You found it on level 13 of the Dungeon)

   rCorr:     It protects you from acid and corrosion.
 T - a +1 pair of gloves (worn)
 V - the +0 robe of Mung {rC- Will++ Str+5 Stlth+}
   (You found it on level 10 of the Dungeon)

   Str:       It affects your strength (+5).
   rC:        It makes you vulnerable to cold.
   Will:      It greatly increases your willpower.
   Stlth:     It makes you more stealthy.
Magical Staves
 w - a staff of poison
Jewellery
 h - the ring of Pesm {Ice rCorr Int+2}
   (You found it in a Gauntlet)

   [ring of ice]

   It enhances your ice magic.
   Int:       It affects your intelligence (+2).
   rF:        It makes you vulnerable to fire.
   rC:        It protects you from cold.
   rCorr:     It protects you from acid and corrosion.
 i - a ring of fire
 m - the ring "Onane" (left hand) {rC+ Will+ Str+4}
   (You found it on level 3 of the Lair of Beasts)

   [ring of willpower]

   Str:       It affects your strength (+4).
   rC:        It protects you from cold.
   Will:      It increases your willpower.
 t - a ring of protection from fire (right hand)
 x - an amulet of magic regeneration (around neck)
 X - an amulet of regeneration
Wands
 l - a wand of digging (6)
 u - a wand of polymorph (3)
 z - a wand of roots (17)
 H - a wand of mindburst (5)
 K - a wand of paralysis (11)
 P - a wand of flame (57)
Scrolls
 e - a scroll of enchant armour
 k - 11 scrolls of teleportation
 s - 2 scrolls of amnesia
 v - 2 scrolls of vulnerability
 C - 2 scrolls of torment
 J - 3 scrolls of fog
 L - 7 scrolls of magic mapping
 W - 7 scrolls of identify
Potions
 c - 2 potions of resistance
 f - 9 potions of mutation
 g - a potion of magic
 j - 6 potions of flight
 n - 3 potions of brilliance
 o - 5 potions of lignification
 q - 5 potions of cancellation
 r - 12 potions of curing
 O - a potion of ambrosia
Miscellaneous
 N - a tin of tremorstones (1/2)
 Y - a phial of floods (inert)


   Skills:
 + Level 8.9 Fighting
 + Level 8.6 Axes
 + Level 8.3 Dodging
 + Level 9.1 Stealth
 + Level 8.4 Spellcasting
 + Level 9.0 Conjurations
 - Level 6.3 Hexes
 + Level 8.6 Fire Magic
 + Level 5.7 Ice Magic
 - Level 4.5 Air Magic
 - Level 5.1 Poison Magic
 + Level 8.9 Invocations


You had 17 spell levels left.
You knew the following spells:

 Your Spells              Type           Power      Damage    Failure   Level
a - Foxfire               Conj/Fire      100%       2x1d9     1%          1
b - Scorch                Fire           100%       2d10      1%          2
c - Slow                  Hex            100%       N/A       1%          1
d - Poisonous Vapours     Pois/Air       66%        N/A       1%          2
e - Ensorcelled Hibernat  Hex/Ice        78%        N/A       1%          2
f - Flame Wave            Conj/Fire      52%        2d13      1%          4

Your spell library contained the following spells:

 Spells                   Type           Power      Damage    Failure   Level
 Static Discharge         Conj/Air       42%        3-9/arc   1%          2
 Conjure Flame            Conj/Fire      52%        6-21      1%          3
 Inner Flame              Hex/Fire       46%        N/A       1%          3
 Sticky Flame             Conj/Fire      52%        2d7       1%          4
 Swiftness                Air            32%        N/A       3%          3
 Fireball                 Conj/Fire      26%        3d12      5%          5
 Iskenderun's Battlesphe  Conj           52%        2d10      5%          5
 Summon Guardian Golem    Hex/Summ       25%        N/A       6%          3
 Cause Fear               Hex            20%        N/A       6%          4
 Apportation              Tloc           20%        N/A       8%          1
 Necrotise                Necr           40%        1d6       8%          1
 Summon Small Mammal      Summ           40%        N/A       8%          1
 Passwall                 Tmut/Erth      8%         N/A       12%         2
 Corpse Rot               Necr/Pois/Air  25%        N/A       21%         4
 Gell's Gravitas          Tloc           10%        N/A       24%         3
 Teleport Other           Tloc           10%        N/A       24%         3
 Ice Form                 Ice/Tmut       23%        N/A       24%         4
 Starburst                Conj/Fire      26%        6d8       30%         6
 Yara's Violent Unravell  Hex/Tmut       12%        3d7       52%         5
 Alistair's Intoxication  Tmut/Pois      14%        N/A       58%         5
 Dispel Undead            Necr           10%        3d9       61%         4
 Orb of Destruction       Conj           26%        9d9       85%         7
 Borgnjor's Vile Clutch   Necr/Erth      5%         N/A       91%         5
 Eringya's Noxious Bog    Tmut/Pois      11%        N/A       99%         6
 Dispersal                Tloc           5%         N/A       100%        6
 Summon Cactus Giant      Summ           5%         N/A       100%        6
 Spellforged Servitor     Conj/Summ      15%        N/A       100%        7
 Ignition                 Fire           25%        3d9       100%        8


Dungeon Overview and Level Annotations

Branches:
Dungeon (14/15)            Temple (1/1) D:7            Lair (5/5) D:11
  Swamp (0/4) Lair:3       Spider (0/4) Lair:3        Slime (0/5) Lair:4
    Orc (2/2) D:12            Elf (0/3) Orc:2       Ossuary (visited)
Gauntlet (visited)
 Vaults: D:13-14

Altars:
Ashenzari
Cheibriados
Dithmenos
Fedhas
Gozag
Hepliaklqana
Kikubaaqudgha
Makhleb
Nemelex Xobeh
Okawaru
Qazlal
Ru
Sif Muna
Trog
Uskayaw
Vehumet
Wu Jian
Xom
Yredelemnul
Jiyva

Shops:
D:5 (   D:7 ?(!   D:9 (   D:13 =   Orc:1 *

Annotations:
D:11 qs dragon shapeshifter
Lair:5 1 runed translucent door, Seidenschwarz's ghost, journeyman MiFi


Innate Abilities, Weirdness & Mutations

Your life essence is reduced to manifest your ancestor. (-10% HP)
You have a pair of small antennae on your head.
You are mostly covered in molten scales. (AC +3)
You may rarely emit foul miasma when damaged in melee.
When hurt, damage is shared between your health and your magic reserves.
You regenerate magic rapidly.
When low on magic, you restore magic in place of health.


Message History

Aiming: Mindburst
Press: ? - help, Shift-Dir - straight line, f - orc knight
Aim: an orc knight, wielding a +0 battleaxe and wearing a +0 plate armour (almost dead, more vulnerable to fire, chance to affect: 47%)
The orc knight resists with some effort.
The orc knight roars a battlecry!
The orcs go into a battle-frenzy!
An orc warrior comes into view. It is wielding a +0 halberd.
Aiming: Paralyse
Press: ? - help, Shift-Dir - straight line, f/p - orc knight
Aim: an orc knight, wielding a +0 battleaxe and wearing a +0 plate armour (almost dead, more vulnerable to fire, chance to affect: 31%)
Okay, then.
Okay, then.
Okay, then.
Okay, then.
Aiming: Throw Flame
Press: ? - help, Shift-Dir - straight line, f/p - orc knight
Aim: an orc knight, wielding a +0 battleaxe and wearing a +0 plate armour (almost dead, more vulnerable to fire, 68% to hit)
The puff of flame hits the orc knight but does no damage.
The orc knight is almost dead.
The orc knight is no longer more vulnerable to fire.
The orc knight roars a battlecry!
The orc warrior goes into a battle-frenzy!
Okay, then.
Okay, then.
Okay, then.
Casting: Scorch (safe; 1% risk of failure)
Confirm with . or Enter, or press ? or * to list all spells.
Aiming: Slow (safe; 1% risk of failure)
Press: ? - help, Shift-Dir - straight line, f/p - orc knight
Aim: an orc knight, wielding a +0 battleaxe and wearing a +0 plate armour (almost dead, chance to affect: 47%)
Okay, then.
Okay, then.
Casting: Slow (safe; 1% risk of failure)
Confirm with . or Enter, or press ? or * to list all spells.
Aiming: Ensorcelled Hibernation (safe; 1% risk of failure)
Press: ? - help, Shift-Dir - straight line, f/p - orc knight
Aim: an orc knight, wielding a +0 battleaxe and wearing a +0 plate armour (almost dead, chance to affect: 49%)
The orc knight resists with some effort.
The orc knight hits you with a +0 battleaxe!
You die...

.........#$#.......)[)......,*
#......v.$........))).#...#.**
##.##....).......[)()......#*
*##.##...................##
##.##.........##..))....##
##.###...##.........))....#
#.## ##.$#...............##*
.## #....................#* ##
##.#......@o.......#..* #*
#####.....).......#.#* .#
#####...#######** ##
**..oo...** *..#...#..*
*#.........#* #...#o..#...#
*#...........#*
*,,,,*,,,*,,,,*


You could see an orc knight, 2 orc warriors and an orc (strong).

Vanquished Creatures
  Rupert (Orc:2)
  A dire elephant (Gauntlet)
  Azrael (D:12)
  A minotaur (Gauntlet)
  2 ogre magi (D:11)
  6 hydras
  3 boulder beetles
  The ghost of Wkid the Covert, a journeyman OpDe of Trog (Lair:3)
  5 two-headed ogres
  A centaur warrior (D:13)
  2 death yaks (Lair:5)
  A deep troll shaman (Lair:5)
  Sonja (Orc:2)
  A sixfirhy (Gauntlet)
  2 lindwurms
  Pikel (D:8)
  4 ugly things
  2 cyclopes
  4 manticores
  3 elephants
  3 black mambas
  Joseph (D:8)
  Maggie (D:6)
  6 cane toads
  3 gargoyles
  A torpor snail (Lair:1)
  2 unseen horrors
  A komodo dragon (shapeshifter) (D:11)
  2 rime drakes
  5 komodo dragons
  3 trolls
  2 polar bears
  Grinder (D:6)
  2 blink frogs (Lair:3)
  8 slime creatures
  5 dream sheep (Lair:5)
  5 flying skulls (Gauntlet)
  2 shadows (D:11)
  Sigmund (D:2)
  3 wraiths
  A vampire (D:10)
  28 yaks
  4 wyverns
  Grum (D:8)
  2 steam dragons
  A redback (D:11)
  Menkaure (D:5)
  11 vampire mosquitoes
  A warg (Orc:1)
  3 acid dragons
  A hell hound (D:12)
  8 water moccasins
  A sky beast (D:6)
  8 orc warriors
  2 ice beasts
  5 ogres
  A phantom (D:5)
  12 wolves
  3 centaurs
  3 lemures (D:8)
  5 kobold brigands
  10 bullfrogs
  Blork the orc (D:6)
  A gnoll sergeant (D:8)
  4 scorpions
  2 necrophages
  4 wights
  7 killer bees
  4 howler monkeys
  6 crimson imps (D:12)
  A human zombie (Ossuary)
  4 jellies
  5 hounds
  15 orc priests
  Natasha (thrice) (D:4)
  6 iguanas
  11 orc wizards
  A hell rat (Lair:3)
  4 mummies (Ossuary)
  11 gnolls
  7 adders
  4 shadow imps
  3 white imps
  8 ufetubi
  2 dart slugs (D:2)
  47 orcs
  7 ball pythons
  5 bats
  13 endoplasms
  A giant cockroach (D:1)
  2 gnoll zombies (Ossuary)
  12 hobgoblins
  3 jackals (D:1)
  6 quokkas
  3 training dummies (D:5)
  5 frilled lizards
  11 goblins
  A goblin zombie (Ossuary)
  A hobgoblin zombie (Ossuary)
  26 kobolds
  A kobold zombie (Ossuary)
  2 orc zombies (Ossuary)
  A quokka zombie (D:4)
  9 rats
  A rat zombie (D:4)
483 creatures vanquished.

Vanquished Creatures (collateral kills)
  Erolcha (D:13)
  A rakshasa (D:11)
  A catoblepas (Lair:5)
  A death yak (Lair:5)
  An orc high priest (Orc:2)
  An orc knight (D:11)
  A deep elf pyromancer (D:13)
  An orc sorcerer (Orc:1)
  An elephant (Lair:5)
  3 cane toads
  A rime drake (Lair:3)
  8 komodo dragons
  2 trolls
  3 polar bears (Lair:5)
  2 hornets
  6 dream sheep (Lair:5)
  2 blink frogs (Lair:3)
  3 slime creatures
  A culicivora (Lair:3)
  A flying skull (Gauntlet)
  A vampire (D:11)
  3 fire elementals (D:12)
  A wraith (D:12)
  2 wyverns (Lair:3)
  8 yaks
  3 basilisks
  A redback (Lair:3)
  3 vampire mosquitoes
  3 wargs
  3 hell hounds (D:12)
  10 water moccasins
  6 orc warriors
  A black bear (Lair:3)
  8 wolves
  2 ogres (Orc:1)
  2 bullfrogs
  A howler monkey (D:11)
  2 crimson imps (D:12)
  6 orc priests (Orc:2)
  2 orc wizards
  4 hell rats (Lair:3)
  An ufetubus (Gauntlet)
  8 orcs
  A kobold (D:11)
  6 foxfires
129 creatures vanquished.

Vanquished Creatures (others)
  A troll (D:11)
  A yak (D:12)
  A vampire (D:11)
  16 battlemagi
  11 ancestors
  3 demonic plants (D:6)
  1030 foxfires
  24 fungi
  49 plants
1136 creatures vanquished.

Grand Total: 1748 creatures vanquished

Notes
Turn   | Place    | Note
-------+----------+-------------------------------------------
     0 | D:1      | croobank the Demonspawn Fire Elementalist began the quest
                  | for the Orb.
     0 | D:1      | Reached XP level 1. HP: 13/13 MP: 3/3
   415 | D:1      | Gained mutation: You may rarely emit foul miasma when
                  | damaged in melee. [demonic ancestry]
   415 | D:1      | Reached XP level 2. HP: 19/19 MP: 0/5
   568 | D:1      | Learned a level 2 spell: Scorch
   909 | D:1      | Found a faded altar of an unknown god.
  1385 | D:1      | Gained mutation: You are partially covered in molten
                  | scales. (AC +2) [demonic ancestry]
  1385 | D:1      | Reached XP level 3. HP: 25/25 MP: 6/6
  2510 | D:2      | Got the Almanac of Enchanting Peregrination
  2866 | D:2      | Gained mutation: You regenerate magic rapidly. [demonic
                  | ancestry]
  2866 | D:2      | Reached XP level 4. HP: 28/31 MP: 3/7
  2898 | D:2      | Noticed Sigmund
  2902 | D:2      | Learned a level 1 spell: Slow
  2910 | D:2      | Killed Sigmund
  2911 | D:2      | Reached skill level 1 in Fighting
  2911 | D:2      | Reached skill level 1 in Hexes
  2911 | D:2      | Reached XP level 5. HP: 30/37 MP: 0/9
  3128 | D:3      | Found an ornate altar of the Wu Jian Council.
  3647 | D:3      | Gained mutation: You have a pair of small antennae on your
                  | head. [demonic ancestry]
  3647 | D:3      | Reached XP level 6. HP: 44/44 MP: 0/10
  4357 | D:4      | Noticed Natasha
  4363 | D:4      | Killed Natasha
  4403 | D:4      | Found a sand-covered staircase.
  4410 | Ossuary  | Entered an ossuary
  4499 | Ossuary  | Gained mutation: You are mostly covered in molten scales.
                  | (AC +3) [demonic ancestry]
  4499 | Ossuary  | Reached XP level 7. HP: 50/50 MP: 6/11
  4879 | D:4      | Found an ancient bone altar of Kikubaaqudgha.
  4886 | D:4      | Found a shimmering altar of Xom.
  4888 | D:4      | Found an iron altar of Okawaru.
  4890 | D:4      | Found a blossoming altar of Fedhas.
  4890 | D:4      | Found a stormy altar of Qazlal.
  4891 | D:4      | Found a radiant altar of Vehumet.
  4897 | D:4      | Found a burning altar of Makhleb.
  5505 | D:4      | Noticed Natasha
  5522 | D:4      | Killed Natasha
  5821 | D:4      | Noticed Natasha
  5824 | D:4      | Killed Natasha
  6027 | D:5      | Entered Level 5 of the Dungeon
  6049 | D:5      | Found Ygorir's Firing Range.
  6265 | D:5      | Noticed Menkaure
  6269 | D:5      | Killed Menkaure
  6663 | D:5      | Identified the +10 hand axe of the Head {speed, rC++ Int+2}
  6669 | D:5      | Learned a level 2 spell: Poisonous Vapours
  7172 | D:5      | Reached XP level 8. HP: 53/58 MP: 13/13
  7482 | D:5      | Reached skill level 1 in Axes
  7744 | D:5      | Reached skill level 1 in Poison Magic
  7917 | D:6      | Noticed Grinder
  7923 | D:6      | Reached skill level 1 in Air Magic
  7926 | D:6      | Killed Grinder
  8205 | D:6      | Noticed Maggie
  8228 | D:6      | Killed Maggie
  8229 | D:6      | Reached XP level 9. HP: 25/65 MP: 7/15
  8263 | D:6      | Noticed Blork the orc
  8269 | D:6      | Killed Blork the orc
  9039 | D:7      | Found Ugotyli's Weapon Emporium.
  9052 | D:7      | Got the Spellbook of Outbursts and Snow
  9261 | D:7      | Found Raezxeap's Magic Scroll Shoppe.
  9273 | D:7      | Bought a scroll of identify for 22 gold pieces
  9273 | D:7      | Bought a scroll of identify for 22 gold pieces
  9273 | D:7      | Bought a scroll of magic mapping for 82 gold pieces
  9284 | D:7      | Found a staircase to the Ecumenical Temple.
  9296 | Temple   | Entered the Ecumenical Temple
  9597 | D:7      | Found a snail-covered altar of Cheibriados.
  9791 | D:7      | Found Byagiffei's Distillery.
  9828 | D:7      | Bought a potion of lignification for 36 gold pieces
 10153 | D:7      | Bought a scroll of blinking for 82 gold pieces
 10153 | D:7      | Bought a scroll of enchant armour for 82 gold pieces
 10161 | D:8      | Noticed a troll
 10163 | D:8      | Noticed a two-headed ogre
 10179 | D:7      | Killed a troll
 10180 | D:7      | Reached skill level 5 in Hexes
 10180 | D:7      | Reached skill level 5 in Fire Magic
 10397 | D:8      | Reached skill level 5 in Stealth
 10427 | D:8      | Noticed Grum
 10492 | D:8      | Noticed a two-headed ogre
 10498 | D:8      | Killed a two-headed ogre
 10499 | D:8      | Reached XP level 10. HP: 73/73 MP: 9/17
 10520 | D:8      | Noticed Joseph
 10534 | D:8      | Killed Joseph
 10550 | D:8      | Killed Grum
 10600 | D:8      | Noticed Pikel
 10614 | D:8      | Killed Pikel
 10615 | D:8      | Reached skill level 5 in Spellcasting
 10615 | D:8      | Reached skill level 5 in Conjurations
 10806 | D:8      | Killed a two-headed ogre
 10971 | D:8      | Reached skill level 5 in Dodging
 10975 | D:8      | Reached skill level 5 in Axes
 11494 | D:8      | Reached skill level 5 in Fighting
 12790 | D:9      | Found Uzyvac's Weapon Emporium.
 12886 | D:9      | Identified the +1 leather armour of the Painted God {Str+3
                  | Slay+3}
 13021 | D:10     | Entered Level 10 of the Dungeon
 13080 | D:10     | Noticed a gargoyle
 13090 | D:10     | Killed a gargoyle
 13523 | D:9      | Gained mutation: When hurt, damage is shared between your
                  | health and your magic reserves. [demonic ancestry]
 13523 | D:9      | Reached XP level 11. HP: 61/80 MP: 19/19
 14680 | D:10     | Found a hazy altar of Hepliaklqana.
 14685 | D:10     | Became a worshipper of Hepliaklqana the Forgotten
 14710 | D:10     | Identified the +0 robe of Mung {rC- Will++ Str+5 Stlth+}
 15198 | D:11     | Reached skill level 1 in Invocations
 15792 | D:11     | Noticed a two-headed ogre
 15795 | D:11     | Noticed a purple ugly thing
 15800 | D:11     | Killed a two-headed ogre
 15815 | D:11     | Killed a purple ugly thing
 15911 | D:11     | Reached skill level 5 in Poison Magic
 15986 | D:11     | Noticed a red ugly thing
 16056 | D:11     | Killed a red ugly thing
 16068 | D:11     | Learned a level 2 spell: Ensorcelled Hibernation
 16105 | D:11     | Noticed an ogre mage
 16121 | D:11     | Killed an ogre mage
 16123 | D:11     | Noticed a rakshasa
 16145 | D:11     | Killed a rakshasa
 16296 | D:11     | Found a staircase to the Lair.
 16432 | D:11     | Reached * piety under Hepliaklqana
 16482 | D:11     | Reached XP level 12. HP: 79/79 MP: 15/21
 16897 | D:11     | Reached skill level 1 in Ice Magic
 17162 | D:11     | Noticed a stone giant
 17172 | D:11     | Noticed an ogre mage
 17211 | D:11     | Killed an ogre mage
 17286 | D:11     | Noticed a quicksilver dragon
 17297 | D:11     | Noticed a stone giant
 17651 | D:11     | Noticed a quicksilver dragon
 17716 | Lair:1   | Entered Level 1 of the Lair of Beasts
 17912 | Lair:1   | Noticed a boulder beetle
 17969 | Lair:1   | Killed a boulder beetle
 18393 | Lair:1   | Noticed a six-headed hydra
 18983 | Lair:1   | Killed a three-headed hydra
 19778 | Lair:1   | Reached skill level 5 in Invocations
 20037 | Lair:2   | Learned a level 4 spell: Flame Wave
 20315 | Lair:2   | Reached ** piety under Hepliaklqana
 20316 | Lair:2   | Remembered your ancestor Tawil as a battlemage
 20720 | Lair:3   | Found a staircase to the Swamp.
 20740 | Lair:3   | Noticed Wkid's ghost (journeyman OpDe)
 20745 | Lair:3   | Found a runed translucent gate.
 20745 | Lair:3   | Found a runed translucent gate.
 20800 | Lair:3   | Gained mutation: When low on magic, you restore magic in
                  | place of health. [demonic ancestry]
 20800 | Lair:3   | Reached XP level 13. HP: 86/86 MP: 18/23
 20945 | Lair:3   | Found a hole to the Spider Nest.
 21020 | Lair:3   | Found a runed translucent gate.
 21543 | Lair:4   | You fall into a shaft and drop 1 floor!
 21543 | Lair:5   | Entered Level 5 of the Lair of Beasts
 21566 | Lair:5   | Reached *** piety under Hepliaklqana
 21621 | Lair:4   | Found a sparkling altar of Nemelex Xobeh.
 22146 | Lair:4   | Found a viscous altar of Jiyva.
 22146 | Lair:4   | Found a staircase to the Slime Pits.
 22667 | Lair:5   | Reached **** piety under Hepliaklqana
 24432 | Lair:5   | Found a runed translucent door.
 24435 | Lair:5   | Noticed Seidenschwarz's ghost (journeyman MiFi)
 24932 | Lair:3   | Identified the ring "Onane" {rC+ Will+ Str+4}
 24985 | Lair:3   | Killed Wkid's ghost
 24986 | Lair:3   | Reached XP level 14. HP: 94/94 MP: 19/25
 25730 | D:12     | Found a staircase to the Orcish Mines.
 25790 | D:12     | Noticed Azrael
 25823 | D:12     | Killed Azrael
 26259 | D:12     | Reached skill level 5 in Ice Magic
 26755 | D:13     | Identified the +7 short sword of Kaza {drain, rPois rF+
                  | Str-5}
 26766 | D:13     | Noticed Erolcha
 26786 | D:13     | Killed Erolcha
 26852 | D:13     | Found Fomampah's Jewellery Shop.
 26929 | D:13     | Identified the +3 pair of boots "Jivaq" {rCorr}
 27145 | D:13     | Reached ***** piety under Hepliaklqana
 28179 | Orc:1    | Entered Level 1 of the Orcish Mines
 28605 | Orc:1    | Found Aqyatifu's Assorted Antiques.
 28882 | Orc:2    | Entered Level 2 of the Orcish Mines
 28925 | Orc:2    | Noticed Rupert
 28937 | Orc:2    | Paralysed by Rupert for 3 turns
 28950 | Orc:2    | Killed Rupert
 29007 | Orc:2    | Found a gate leading to a gauntlet.
 29015 | Orc:2    | Noticed Sonja
 29021 | Orc:2    | Killed Sonja
 29057 | Gauntlet | Entered a Gauntlet
 29057 | Gauntlet | Found a transporter.
 29057 | Gauntlet | Found a transporter.
 29118 | Gauntlet | Found a transporter.
 29135 | Gauntlet | Found a transporter.
 29135 | Gauntlet | Found a transporter.
 29135 | Gauntlet | Found a transporter.
 29138 | Gauntlet | Found a transporter.
 29138 | Gauntlet | Found a transporter.
 29192 | Gauntlet | Found a runed translucent door.
 29193 | Gauntlet | Found a transporter.
 29194 | Gauntlet | Found a runed translucent door.
 29195 | Gauntlet | Found the necklace of Bloodlust {*Rage Will++ Int-3 Slay+6}
 29205 | Gauntlet | Found a transporter.
 29227 | Gauntlet | Found a transporter.
 29240 | Gauntlet | Found a transporter.
 29257 | Gauntlet | Found a transporter.
 29267 | Gauntlet | Found a transporter.
 29588 | Gauntlet | Identified the ring of Pesm {Ice rCorr Int+2}
 29924 | Orc:2    | Mangled by an orc knight

Illustrated notes

Levels and vault maps discovered:
D:1:      minmay_arrival_statue_studded, layout_basic,
          dreamdust_ecumenical_altar_grove, kennysheep_another_room
D:2:      layout_rooms, uniq_sigmund
D:3:      layout_basic, mainiacjoe_overflow_chevrons
D:4:      layout_layer_cave, lemuel_tele_altar,
          nicolae_overflow_hallway_of_the_gods, enter_ossuary_4,
          chequers_big_river, uniq_natasha
D:5:      layout_loops_corners, kennysheep_cluttered_room,
          nicolae_shop_firing_range, uniq_menkaure
D:6:      layout_loops_ring, serial_demonic, serial_demonic_c, serial_demonic_e,
          serial_demonic_d, serial_demonic_c, lexackson_kobold_supper,
          uniq_grinder, uniq_maggie, uniq_blork_the_orc
D:7:      layout_rooms, tso_altar, temple_fountains, serial_shops, shop, shop,
          nicolae_shop_trees, hangedman_abyss_or_decor_lesser_grid,
          columned_hall_lemuel, nrook_mini_backslash, hangedman_feature_mirror,
          dreamdust_gnoll_farm
D:8:      layout_layer_cave, uniq_pikel, uniq_joseph, uniq_grum
D:9:      layout_basic, serial_shops, shop
D:10:     layout_grid_maze, worldfamousw_hep_ancestral_shrine
D:11:     minmay_the_grid_4x2 [minmay_the_grid_pillar_ring,
          minmay_the_grid_zigzag_pyramid, minmay_the_grid_medium_cups,
          minmay_the_grid_armoury, minmay_the_grid_minigrid_large,
          minmay_the_grid_plusring, minmay_the_grid_tree,
          minmay_the_grid_prize_inner_circle], layout_basic
D:12:     layout_roguey, orc_0_dummy, minmay_nine_imps, uniq_azrael
D:13:     layout_roguey, serial_shops, kennysheep_little_box, uniq_erolcha
D:14:     layout_basic, david_vaults_1, kennysheep_big_empty_room
Temple:   hellmonk_temple_of_storms
Lair:1:   layout_loops_ring
Lair:2:   layout_concentric_octagons
Lair:3:   layout_chaotic_city, minmay_swamp_entry_reptiles,
          spider_nest_entry_funnel_web, gammafunk_ghost_split
Lair:4:   layout_gridlike, minmay_slime_entry_pillars, basic_altar,
          infiniplex_staircase_pool
Lair:5:   grunt_lair_end_beastmaster, layout_big_grid,
          hellmonk_ghost_happy_afterlife
Orc:1:    layout_caves, serial_shops, shop
Orc:2:    st_orc_pillars, layout_diamond_mine, gauntlet_entry_generic,
          serial_shops, nicolae_shop_stone, nicolae_orc_crystal_geode,
          uniq_rupert, uniq_sonja

Skill      XL: |  1  2  3  4  5  6  7  8  9 10 11 12 13 14 |
---------------+-------------------------------------------+-----
Stealth        | 2 3 4 5 6 7 8 9 |  9.1
Dodging        | 2 3 4 5 6 7 8 |  8.3
Fire Magic     | 3 4 5 6 7 8 |  8.6
Fighting       | 1 2 3 4 5 6 7 8 |  8.9
Conjurations   | 2 3 4 5 6 7 8 9 |  9.0
Hexes          | 1 2 3 4 5 6 |  6.3
Spellcasting   | 3 4 5 6 7 8 |  8.4
Axes           | 2 4 5 6 7 8 |  8.6
Poison Magic   | 2 3 4 5 |  5.1
Air Magic      | 1 2 3 4 |  4.5
Invocations    | 3 5 7 8 |  8.9
Ice Magic      | 3 4 5 |  5.7

Action                   |  1- 3 |  4- 6 |  7- 9 | 10-12 | 13-15 || total
-------------------------+-------+-------+-------+-------+-------++-------
Melee: Dagger            |    45 |    19 |    29 |     7 |     4 ||   104
       Punch             |     1 |       |     1 |     5 |     2 ||     9
       Unarmed           |     1 |       |       |       |       ||     1
       Hand axe          |       |       |    71 |   165 |   188 ||   424
       Arbalest          |       |       |     2 |       |       ||     2
       Scimitar          |       |       |       |     7 |     4 ||    11
       Broad axe         |       |       |       |       |     7 ||     7
 Fire: Sling             |    10 |       |       |       |       ||    10
       Arbalest          |       |       |    45 |   106 |    63 ||   214
Throw: Dart              |       |     3 |       |     1 |       ||     4
 Cast: Foxfire           |    38 |    35 |    82 |    94 |   363 ||   612
       Scorch            |    21 |    34 |   110 |   319 |   239 ||   723
       Slow              |       |       |       |     4 |       ||     4
       Poisonous Vapours |       |       |       |     1 |       ||     1
       Ensorcelled Hiber |       |       |       |     2 |     3 ||     5
       Flame Wave        |       |       |       |     1 |     7 ||     8
Invok: Ancestor Life: Ba |       |       |       |     1 |       ||     1
       Recall Ancestor   |       |       |       |       |     2 ||     2
Evoke: Wand              |       |       |       |     8 |    17 ||    25
       Phial of floods   |       |       |       |       |     1 ||     1
       Tin of tremorston |       |       |       |       |     1 ||     1
       Condenser vane    |       |       |       |       |     1 ||     1
  Use: Scroll            |     5 |     8 |    13 |    17 |    13 ||    56
       Potion            |     1 |       |     4 |     9 |     4 ||    18
 Stab: Sleeping          |     1 |     2 |     3 |     2 |     3 ||    11
       Invisible         |       |       |       |     3 |       ||     3
       Paralysed         |       |       |       |       |     8 ||     8
Armor: Robe              |     7 |     5 |    18 |       |       ||    30
       Acid dragon scale |       |       |    26 |    47 |       ||    73
       Troll leather arm |       |       |       |    69 |   141 ||   210
Dodge: Dodged            |    40 |    14 |   108 |   348 |   308 ||   818
